 Dungeon Crawl Stone Soup version 0.27.0-1-g7a089689b8 (webtiles) character file.

Game seed: 4817434346103876681

60 x13thangelx the Skirmisher (level 3, -3/29 HPs)
             Began as a Demonspawn Abyssal Knight on Aug 7, 2021.
             Was a Follower of Lugonu.
             Killed from afar by Natasha (8 damage)
             ... with a magic dart
             ... on level 2 of the Dungeon.
             The game lasted 00:05:55 (1481 turns).

x13thangelx the Skirmisher (DsAK)                   Turns: 1481, Time: 00:05:56

Health: -3/29      AC:  5    Str: 13    XL:     3   Next: 82%
Magic:  4/4        EV: 11    Int: 13    God:    Lugonu [*.....]
Gold:   92         SH:  0    Dex: 12    Spells: 2/2 levels left

rFire    . . .     SeeInvis .   a - +1 falchion
rCold    . . .     Faith    .   (no shield)
rNeg     . . .     Spirit   .   d - +0 leather armour
rPois    .         Reflect  .   (no helmet)
rElec    .         Harm     .   (no cloak)
rCorr    .         Rampage  .   c - +0 pair of gloves
Will     .....                  (no boots)
Stlth    +.........             (no amulet)
HPRegen  0.00/turn              (no ring)
MPRegen  0.09/turn              (no ring)

@: inhibited regen, slowed, very slow
A: rugged brown scales 1, [inhibited regeneration]
a: Renounce Religion, Depart the Abyss


You were on level 2 of the Dungeon.
You worshipped Lugonu.
Lugonu was aware of your devotion.
You visited 1 branch of the dungeon, and saw 2 of its levels.
You visited the Abyss 1 time.

You collected 92 gold pieces.

Inventory:

Hand Weapons
 a - a +1 falchion (weapon)
Missiles
 e - 16 bolts
 f - 3 large rocks
 g - 90 stones (quivered)
Armour
 b - a +0 leather armour
 c - a +0 pair of gloves (worn)
 d - a +0 leather armour (worn)
Jewellery
 h - a ring of see invisible


   Skills:
 + Level 3.6 Fighting
 + Level 2.8 Long Blades
 + Level 2.1 Armour
 + Level 1.2 Dodging
 + Level 2.4 Invocations


You had 2 spell levels left.
You didn't know any spells.
Your spell library was empty.

Dungeon Overview and Level Annotations

Branches:
Dungeon (2/15)

Altars:

Annotations:
D:2 Natasha


Innate Abilities, Weirdness & Mutations

You are partially covered in rugged brown scales. (AC +1, +3% HP)
[You do not regenerate when monsters are visible.]


Message History

You start resting.
Natasha, Servant of Life and Death comes into view.
Things that are here:
a +0 whip; 2 stones; a kobold corpse A kobold comes into view.
It is wielding a +0 short sword.
The kobold throws a stone.
The stone barely misses you.
Natasha casts a spell.
You throw a stone. The stone hits Natasha.
Natasha is lightly wounded.
You throw a stone. The stone misses Natasha.
Natasha stares at you and mumbles some strange words.
The magic dart hits you.
You are too injured to fight recklessly!
You aren't carrying any potions.
Natasha casts a spell at you. The magic dart hits you.
The kobold throws a stone.
The stone barely misses you.
Natasha howls an incantation.
Natasha glows brightly for a moment.
Natasha casts a spell at you.
You feel yourself slow down.
You start resting.
Natasha is nearby!
You closely miss Natasha.
Natasha is lightly wounded.
Natasha misses you. Natasha claws you.
* * * LOW HITPOINT WARNING * * *
You hit Natasha.
Natasha is moderately wounded.
Natasha claws you but does no damage.
Natasha mumbles some strange words.
You barely miss Natasha.
Natasha is moderately wounded.
Natasha casts a spell at you.
You feel as though you will be slow longer.
The iron imp hits you.
* * * LOW HITPOINT WARNING * * *
Natasha casts a spell at you. The magic dart hits you!
You die...

.... ###.#####
#.(...... ###.#.#
#....)#####
########....†.((..
#K5.h.K.5...######
#h######....# #@#
#....###### #5#
#.#........
#.######.###..####
#.#...............
#.#.####.###..####
#............<....
###.####.###...###
#.# #.#.....#..
#.# #.#.#...#.#


You could see 2 iron imps, Natasha and a kobold.

Vanquished Creatures
  Natasha (D:2)
  2 ball pythons (D:1)
  4 endoplasms
  3 goblins (D:1)
  3 hobgoblins
  5 jackals (D:1)
  5 kobolds
  3 quokkas (D:1)
  A frilled lizard (D:1)
  3 rats (D:1)
30 creatures vanquished.

Notes
Turn   | Place    | Note
-------+----------+-------------------------------------------
     0 | Abyss:1  | x13thangelx the Demonspawn Abyssal Knight began the quest
                  | for the Orb.
     0 | Abyss:1  | Reached XP level 1. HP: 18/18 MP: 2/2
     0 | Abyss:1  | Found a corrupted altar of Lugonu.
    21 | Abyss:1  | Found a corrupted altar of Lugonu.
    43 | Abyss:1  | Noticed a wretched star
    44 | D:1      | Escaped the Abyss
   364 | D:1      | Reached skill level 1 in Dodging
   383 | D:1      | Gained mutation: You are partially covered in rugged brown
                  | scales. (AC +1, +3% HP) [demonic ancestry]
   383 | D:1      | Reached XP level 2. HP: 15/24 MP: 3/3
   758 | D:1      | Reached * piety under Lugonu
  1049 | D:1      | Reached XP level 3. HP: 29/29 MP: 4/4
  1332 | D:2      | Noticed Natasha
  1445 | D:2      | Killed Natasha
  1461 | D:2      | Noticed Natasha
  1481 | D:2      | Killed from afar by Natasha

Illustrated notes

Levels and vault maps discovered:
D:1:      dpeg_arrival_stone_temple_mockup, layout_rooms, st_stairs_3,
          serial_bayou_crossing
D:2:      layout_basic, uniq_natasha

Skill      XL: |  1  2 |
---------------+-------+-----
Dodging        | 1 |  1.2
Long Blades    | 2 |  2.8
Armour         | 2 |  2.1
Fighting       | |  3.6
Invocations    | |  2.4

Action                   || total
-------------------------++-------
Melee: Falchion          ||    89
Throw: Stone             ||     6
Invok: Depart the Abyss  ||     1
  Use: Scroll            ||     1
Armor: Leather armour    ||    39
Dodge: Dodged            ||    65
       Rpst.: Falchion   ||    16
